 Seeded DCSS version 0.31-a0-102-g33a4ccc0cb (webtiles) character file.

Game seed: 17553349573891074639 (custom seed)

14062 edwardauron the Geomancer (level 11, -2/89 HPs)
             Began as a Red Draconian Earth Elementalist on May 27, 2023.
             Was a Priest of Cheibriados.
             Slain by a water moccasin (7 damage)
             ... on level 10 of the Dungeon.
             The game lasted 00:19:18 (10476 turns).

edwardauron the Geomancer (DrEE)                   Turns: 10476, Time: 00:19:18

Health: -2/89      AC:  8    Str: 19    XL:     11   Next: 83%
Magic:  6/24       EV: 12    Int: 38    God:    Cheibriados [***...]
Gold:   747        SH:  9    Dex: 26    Spells: 24/28 levels left

rFire   + + +        v - staff of fire
rCold   + . .        f - +2 buckler
rNeg    + + +        (body armour unavailable)
rPois   .            (helmet restricted)
rElec   +            e - scarf of the Catamount {rC+ rF+, Int+8}
rCorr   +            (no gloves)
SInv    .            n - +0 pair of boots "Izixeli" {rF+ rCorr}
Will    +....        h - amulet of Ascent {Drain rElec Regen+ Dex+5}
Stlth   +++          i - ring "Loipt" {rF+ rN++ Will+ Str+2 Dex+6}
HPRegen 1.14/turn    x - ring "Bumaidgh" {Wiz rF+ rN++ Int+3 Dex-5}
MPRegen 0.19/turn

%: wizardry (x1)
@: lethally poisoned (-2 -> -2), very slow
A: breathe fire, AC +7, unfitting armour, fire resistance 1, cold-blooded, weak
1
a: Breathe Fire, Renounce Religion, Bend Time, Temporal Distortion


You were on level 10 of the Dungeon.
You worshipped Cheibriados.
Cheibriados was most pleased with you.
You visited 1 branch of the dungeon, and saw 11 of its levels.
You also visited: Bailey.

You collected 1400 gold pieces.
You spent 653 gold pieces at shops.

Inventory:

Missiles
 a - a throwing net
Armour
 e - the scarf of the Catamount (worn) {rC+ rF+, Int+8}
   (You acquired it in a bailey)

   Int:       It affects your intelligence (+8).
 f - a +2 buckler (worn)
 n - the +0 pair of boots "Izixeli" (worn) {rF+ rCorr}
   (You found it on level 2 of the Dungeon)

   rF:        It protects you from fire.
   rCorr:     It protects you from acid and corrosion.
Magical Staves
 v - a staff of fire (weapon)
Jewellery
 h - the amulet of Ascent (around neck) {Drain rElec Regen+ Dex+5}
   (You acquired it on level 1 of the Dungeon)

   [amulet of regeneration]

   Dex:       It affects your dexterity (+5).
   rElec:     It insulates you from electricity.
   Regen:     It increases your rate of health regeneration.
   Drain:     It drains your maximum health when unequipped.
 i - the ring "Loipt" (left hand) {rF+ rN++ Will+ Str+2 Dex+6}
   (You acquired it on level 1 of the Dungeon)

   [ring of dexterity]

   Str:       It affects your strength (+2).
   Dex:       It affects your dexterity (+6).
   rF:        It protects you from fire.
   rN:        It greatly protects you from negative energy.
   Will:      It increases your willpower.
 o - an amulet of reflection
 x - the ring "Bumaidgh" (right hand) {Wiz rF+ rN++ Int+3 Dex-5}
   (You bought it in a shop on level 5 of the Dungeon)

   [ring of wizardry]

   It improves your spell success rate.
   Int:       It affects your intelligence (+3).
   Dex:       It affects your dexterity (-5).
   rF:        It protects you from fire.
   rN:        It greatly protects you from negative energy.
 B - a +5 ring of evasion
Wands
 b - a wand of mindburst (10)
 c - a wand of iceblast (12)
 w - a wand of paralysis (14)
 y - a wand of polymorph (11)
Scrolls
 g - 3 scrolls of magic mapping
 j - 2 scrolls of noise
 k - a scroll of amnesia {unknown}
 p - a scroll of torment
 q - 4 scrolls of blinking
 s - 2 scrolls of teleportation
 A - a scroll of silence
Potions
 d - 2 potions of brilliance
 l - 5 potions of curing
 m - a potion of heal wounds
 r - 10 potions of ambrosia
 u - a potion of berserk rage
 z - 2 potions of enlightenment
Miscellaneous
 t - a piece from Xom's chessboard (15/15)


   Skills:
 - Level 6.0 Fighting
 - Level 1.7 Dodging
 - Level 1.7 Stealth
 - Level 6.0 Shields
 + Level 9.3 Spellcasting
 + Level 4.7 Conjurations
 - Level 1.0 Transmutations
 + Level 13.8 Earth Magic


You had 24 spell levels left.
You knew the following spells:

 Your Spells              Type           Power      Damage    Failure   Level
a - Sandblast             Erth           100%       2d20      0%          1
b - Stone Arrow           Conj/Erth      100%       3d13      1%          3

Your spell library contained the following spells:

 Spells                   Type           Power      Damage    Failure   Level
 Lesser Beckoning         Tloc           34%        N/A       1%          2
 Passwall                 Tmut/Erth      50%        N/A       1%          2
 Sublimation of Blood     Necr           17%        N/A       1%          2
 Wereblood                Tmut           25%        N/A       1%          2
 Dazzling Flash           Conj/Hex       52%        N/A       1%          3
 Petrify                  Tmut/Erth      60%        N/A       1%          4
 Ensorcelled Hibernation  Hex/Ice        16%        N/A       2%          2
 Gell's Gravitas          Tloc           17%        N/A       3%          3
 Swiftness                Air            17%        N/A       3%          3
 Teleport Other           Tloc           17%        N/A       3%          3
 Agony                    Necr           17%        N/A       28%         5
 Silence                  Hex/Air        4%         N/A       43%         5
 Summon Hydra             Summ           8%         N/A       100%        7


Dungeon Overview and Level Annotations

Branches:
Dungeon (11/15)            Temple (0/1) D:6          Bailey (visited)
   Lair: D:8-11         Orc: D:9-12

Altars:
Cheibriados
Hepliaklqana
Kikubaaqudgha
Makhleb
Nemelex Xobeh
Qazlal
Wu Jian
Zin
The Shining One

Shops:
D:5 =


Innate Abilities, Weirdness & Mutations

You can breathe blasts of fire.
Your fiery red scales are hard. (AC +7)
You cannot fit into any form of body armour.
Your flesh is heat resistant. (rF+)
You are cold-blooded and may be slowed by cold attacks.
You are weak. (Str -2)


Message History

The water moccasin bites you!
* * * LOW HITPOINT WARNING * * *
You are more poisoned.
The water moccasin poisons you! You block the black bear's attack.
The black bear closely misses you. The black bear barely misses you.
The gnoll sergeant hits you from afar with a +1 spear of flaming!
* * * LOW HITPOINT WARNING * * *
Blink to where?
Press: ? - help, Dir - move target, p - scorpion
As you read the scroll of blinking, it crumbles to dust.
You feel very sick. The gnoll sergeant misses you.
You feel better. The gnoll sergeant closely misses you.
You block the water moccasin's attack. The water moccasin barely misses you.
You block the gnoll sergeant's attack. The water moccasin barely misses you.
The gnoll sergeant hits you from afar with a +1 spear of flaming.
* * * LOW HITPOINT WARNING * * *
You block the scorpion's attack. The water moccasin bites you!
* * * LOW HITPOINT WARNING * * *
You are poisoned.
The water moccasin poisons you! You block the gnoll sergeant's attack.
There is a stone staircase leading up here.
You feel very sick. You block the water moccasin's attack.
The scorpion barely misses you. The gnoll sergeant misses you.
You block the water moccasin's attack. The scorpion misses you.
You climb upwards.
You feel yourself speed up.
You feel very sick.
There is a stone staircase leading down here.
Aiming: Sandblast (safe; 0% risk of failure)
Press: ? - help, Q - select action, (/) - cycle Shift-Dir - straight line, f - scorpion
Aim: a scorpion (severely wounded, 85% to hit)
The blast of sand hits the scorpion!
You kill the scorpion!
Cheibriados appreciates the change of pace.
You feel sick. The water moccasin bites you.
* * * LOW HITPOINT WARNING * * *
The water moccasin bites you!
You die...

#......# #....
#......# ###'#
#......# #..#
#####'## #.## #.###
#.# #...# #.# ###.#
#.# #######.##
####'##
#.@......####......
#..S.....#..'...[..
#........#.##......
#..........##......
#........#######'##
#........# ##.#
#........# #..#
######..## #.##
#####...## #.#


You could see a water moccasin.

Vanquished Creatures
  Josephine (D:10)
  A rakshasa (D:10)
  A two-headed ogre (D:9)
  Pikel (D:7)
  An ugly thing (D:8)
  A komodo dragon (D:11)
  A gargoyle (D:8)
  2 kobold demonologists (Bailey)
  A troll (D:9)
  A queen bee (D:10)
  Grinder (D:3)
  6 slime creatures (D:10)
  Sigmund (D:4)
  5 wraiths
  2 shadows
  A wyvern (D:10)
  9 yaks (D:10)
  An acid dragon (D:10)
  4 water moccasins
  5 black bears
  An ice beast (D:8)
  2 ogres (D:5)
  9 orc warriors
  4 centaurs
  4 kobold brigands
  2 phantoms (D:4)
  6 bullfrogs
  3 scorpions
  14 wights
  28 killer bees (D:10)
  4 howler monkeys
  2 hounds (D:6)
  An orc priest (D:7)
  A jelly (D:5)
  A gnoll bouda (D:6)
  3 sleepcaps
  2 iguanas
  3 orc wizards
  Robin (D:3)
  12 gnolls
  7 adders
  3 white imps
  3 worms
  A dart slug (D:2)
  39 orcs
  4 bats
  5 endoplasms
  5 giant cockroaches
  26 goblins
  15 hobgoblins
  2 jackals (D:3)
  30 kobolds
  8 quokkas
  7 ball pythons
  5 frilled lizards
  8 rats
317 creatures vanquished.

Vanquished Creatures (others)
  A jelly (D:5)
  An orc wizard (D:5)
2 creatures vanquished.

Grand Total: 319 creatures vanquished

Notes
Turn   | Place    | Note
-------+----------+-------------------------------------------
     0 | D:1      | edwardauron the Draconian Earth Elementalist began the
                  | quest for the Orb.
     0 | D:1      | Reached XP level 1. HP: 14/14 MP: 3/3
    13 | D:1      | Noticed a minotaur skeleton
   164 | D:1      | Reached XP level 2. HP: 20/20 MP: 3/5
   649 | D:1      | Found a faded altar of an unknown god.
   654 | D:1      | Reached XP level 3. HP: 25/26 MP: 2/6
   726 | D:1      | Reached skill level 4 in Earth Magic
   913 | D:1      | Identified 3 scrolls of acquirement
   913 | D:1      | Acquired the ring "Loipt" {rF+ rN++ Will+ Str+2 Dex+6}
   916 | D:1      | Acquired 856 gold pieces
   918 | D:1      | Acquired the amulet of Ascent {Drain rElec Regen+ Dex+5}
  1397 | D:2      | Identified the +0 pair of boots "Izixeli" {rF+ rCorr}
  1446 | D:2      | Reached XP level 4. HP: 31/33 MP: 1/7
  1612 | D:3      | Noticed Robin
  1618 | D:3      | Reached skill level 1 in Shields
  1775 | D:3      | Killed Robin
  2876 | D:4      | Noticed Grinder
  2877 | D:4      | Noticed a phantom
  2896 | D:4      | Killed a phantom
  2897 | D:4      | Reached skill level 5 in Earth Magic
  2897 | D:4      | Reached XP level 5. HP: 38/38 MP: 1/9
  2913 | D:3      | Killed Grinder
  2914 | D:3      | Reached XP level 6. HP: 45/45 MP: 5/11
  3070 | D:4      | Noticed Sigmund
  3071 | D:4      | Reached skill level 6 in Earth Magic
  3077 | D:4      | Killed Sigmund
  3078 | D:4      | Your scales start taking on a fiery red colour.
  3078 | D:4      | Reached XP level 7. HP: 50/50 MP: 4/13
  3078 | D:4      | Gained mutation: Your flesh is heat resistant. (rF+) [Red
                  | Draconian growth]
  3779 | D:5      | Entered Level 5 of the Dungeon
  3850 | D:4      | Reached skill level 7 in Earth Magic
  4100 | D:5      | Reached XP level 8. HP: 36/57 MP: 8/15
  4195 | D:5      | Found a stormy altar of Qazlal.
  4233 | D:5      | Found an ancient bone altar of Kikubaaqudgha.
  4487 | D:5      | Reached skill level 5 in Spellcasting
  4487 | D:5      | Reached skill level 8 in Earth Magic
  4548 | D:5      | Found Daopir's Jewellery Shop.
  4557 | D:5      | Bought the ring "Bumaidgh" {Wiz rF+ rN++ Int+3 Dex-5} for
                  | 653 gold pieces
  4739 | D:6      | Found a staircase to the Ecumenical Temple.
  4766 | D:6      | Gained mutation: You passively dampen the noise of your
                  | surroundings. [potion of mutation]
  4766 | D:6      | Gained mutation: You are dopey. (Int -2) [potion of
                  | mutation]
  4766 | D:6      | Lost mutation: You are dopey. (Int -2) [potion of mutation]
  4777 | D:6      | Reached skill level 5 in Shields
  4865 | D:6      | Reached skill level 9 in Earth Magic
  4865 | D:6      | Reached XP level 9. HP: 62/62 MP: 14/17
  4941 | D:6      | Found a sparkling altar of Nemelex Xobeh.
  5326 | D:6      | Found a glowing silver altar of Zin.
  5386 | D:6      | Found an ornate altar of the Wu Jian Council.
  5748 | D:7      | Reached skill level 1 in Fighting
  5959 | D:7      | Reached skill level 10 in Earth Magic
  6550 | D:8      | Noticed a brown ugly thing
  6550 | D:8      | Noticed Pikel
  6593 | D:7      | Killed Pikel
  6646 | D:8      | Reached XP level 10. HP: 47/77 MP: 3/20
  6736 | D:8      | Found a flagged portal.
  6833 | Bailey   | Entered a bailey
  6893 | Bailey   | Reached skill level 11 in Earth Magic
  7040 | Bailey   | Found an iron altar of Okawaru.
  7048 | Bailey   | Noticed a rust devil
  7123 | Bailey   | Found the +7 captain's cutlass {speed, disarm}
  7179 | Bailey   | Acquired the scarf of the Catamount {rC+ rF+, Int+8}
  7232 | D:8      | Identified the +0 halberd "Arghut" {speed, Stlth+}
  7350 | D:8      | Found a hazy altar of Hepliaklqana.
  7470 | D:8      | Noticed a gargoyle
  7584 | D:8      | Found a glowing golden altar of the Shining One.
  7727 | D:8      | Killed a brown ugly thing
  7728 | D:8      | Reached skill level 5 in Fighting
  7735 | D:8      | HP: 2/121 [gargoyle/stone arrow (10)]
  7742 | D:8      | Killed a gargoyle
  8076 | D:9      | Found a snail-covered altar of Cheibriados.
  8103 | D:9      | Became a worshipper of Cheibriados the Contemplative
  8228 | D:9      | Reached skill level 12 in Earth Magic
  8301 | D:9      | Learned a level 3 spell: Stone Arrow
  8755 | D:10     | Entered Level 10 of the Dungeon
  8768 | D:10     | Noticed a two-headed ogre
  8787 | D:9      | Killed a two-headed ogre
  8914 | D:10     | Noticed a rakshasa
  8954 | D:9      | Lost mutation: You passively dampen the noise of your
                  | surroundings. [potion of mutation]
  8954 | D:9      | Gained mutation: You are weak. (Str -2) [potion of
                  | mutation]
  8960 | D:9      | Reached * piety under Cheibriados
  8961 | D:9      | Reached XP level 11. HP: 67/89 MP: 16/23
  8983 | D:10     | <>
                  | ERROR: string above had unterminated tag
  8988 | D:10     | Killed a rakshasa
  8989 | D:10     | Reached skill level 1 in Conjurations
  9304 | D:10     | Reached ** piety under Cheibriados
  9461 | D:10     | Reached skill level 13 in Earth Magic
  9705 | D:10     | Reached *** piety under Cheibriados
  9915 | D:10     | Found a burning altar of Makhleb.
 10210 | D:10     | Noticed Josephine
 10218 | D:10     | Killed Josephine
 10476 | D:10     | Slain by a water moccasin

Illustrated notes

###+### ##
#.....### .#
+.....'.#
#'#####
#...[.#.###
......#
#.....#...#
......#
#.....###.##
......#
#.....#
#..##......#
#.....#
##.@'......#
#.....#
####......#
###'###
.R....# #.#
####### ##.#
#..# ##.###
#....#
######.<..#


Turn 8983 on D:10: <

Levels and vault maps discovered:
D:1:      shiori_arrival_whats_in_store_for_you, layout_basic,
          nicolae_ecumenical_snake_handling, minivault_11
D:2:      layout_rooms, dreamdust_mushroom_princess, columned_hall_lemuel,
          serial_park_tiny_1, minmay_domino_4
D:3:      layout_loops_corners, minmay_misc_feat_x, kennysheep_doodads,
          uniq_robin
D:4:      layout_cave_pools, uniq_sigmund, uniq_grinder
D:5:      layout_basic, amcnicky_altar_gilded, grunt_qazlal_clouds,
          serial_shops, nicolae_shop_waterfront
D:6:      layout_rooms, lemuel_crystal_altar, mainiacjoe_overflow_alcove_4,
          zin_treasury, minmay_temple_entry_grid, kennysheep_crisscross,
          kennysheep_big_empty_room
D:7:      layout_gridville
D:8:      layout_loops_ring, kennysheep_little_box, tso_oasis_becter,
          enter_bailey_7, minmay_radiant, uniq_pikel
D:9:      layout_irregular_city, mainiacjoe_overflow_boulevard
D:10:     layout_roguey [special_room_bee], kennysheep_mini_moat, uniq_josephine
D:11:     layout_cave_pools, due_lair_maze_entry_diamond,
          ebering_ghost_rock_garden

Skill      XL: |  1  2  3  4  5  6  7  8  9 10 11 |
---------------+----------------------------------+-----
Earth Magic    | 4 5 6 7 9 10 12 13 | 13.8
Shields        | 2 3 4 5 6 |  6.0
Spellcasting   | 3 4 5 6 8 9 |  9.3
Fighting       | 3 6 |  6.0
Conjurations   | 4 |  4.7
Dodging        | |  1.7
Stealth        | |  1.7
Transmutations | |  1.0

Action                     |  1- 3 |  4- 6 |  7- 9 | 10-12 || total
---------------------------+-------+-------+-------+-------++-------
  Melee: Unarmed           |    20 |    16 |       |       ||    36
         Tailslap          |     5 |       |       |     2 ||     7
         Staff             |       |       |     1 |     6 ||     7
   Cast: Sandblast         |    65 |    72 |   212 |   251 ||   600
         Stone Arrow       |       |       |       |    25 ||    25
Ability: Breathe Fire      |       |       |     2 |     3 ||     5
  Evoke: Piece from Xom's  |       |       |       |     5 ||     5
         Wand              |       |       |       |     4 ||     4
    Use: Scroll            |     3 |     1 |     9 |     7 ||    20
         Potion            |       |     1 |     4 |     9 ||    14
 Armour: Skin              |     8 |    20 |    50 |    65 ||   143
  Dodge: Dodged            |    17 |    38 |    85 |   160 ||   300
  Block: Buckler           |     4 |    14 |    72 |   133 ||   223

Table legend: (Time is in decaauts)
 A = Elapsed time spent in this place.
 B = Non-inter-level travel time spent in this place.
 C = Inter-level travel time spent in this place.
 D = Time resting spent in this place.
 E = Time spent auto-exploring this place.
 F = Levels seen in this place.
 G = Mean time per level.
                   A        B        C        D        E       F      G
               +--------+--------+--------+--------+--------+-----+--------+
         Total |  11299 |  10762 |    537 |   1133 |   7524 |  12 |  941.6 |
       Dungeon |  10902 |  10365 |    537 |   1111 |   7255 |  11 |  991.1 |
        Bailey |    397 |    397 |      0 |     22 |    269 |   1 |  397.0 |
               +--------+--------+--------+--------+--------+-----+--------+

Top non-repeatable levels by time:
    D:10: 1956 daAuts
     D:3: 1392 daAuts
     D:7: 1118 daAuts
     D:8: 1065 daAuts
     D:9: 1040 daAuts
     D:1: 980 daAuts
     D:5: 879 daAuts
     D:4: 855 daAuts
     D:6: 806 daAuts
     D:2: 747 daAuts
  Bailey: 397 daAuts
    D:11: 59 daAuts
